 Dungeon Crawl Stone Soup version 0.30.1-9-gdf580d7c3d (webtiles) character file.

Game seed: 9443659820970058250

223 Psyclone the Conjurer (level 5, -3/28 HPs)
             Began as a Deep Elf Conjurer on Sept 29, 2023.
             Succumbed to a kobold brigand's curare-tipped dart
             ... on level 3 of the Dungeon.
             The game lasted 00:05:18 (2941 turns).

Psyclone the Conjurer (Deep Elf Conjurer)           Turns: 2941, Time: 00:05:18

Health: -3/28      AC:  2    Str:  4    XL:     5   Next: 66%
Magic:  11/15      EV: 12    Int: 31    God:
Gold:   82         SH:  5    Dex: 13    Spells: 13/16 levels left

rFire   . . .        p - +1 dagger (speed)
rCold   . . .        (no shield)
rNeg    . . .        a - +0 robe
rPois   .            (no helmet)
rElec   .            (no cloak)
rCorr   +            (no gloves)
SInv    .            (no boots)
Will    .....        i - amulet of reflection
Stlth   ++           o - +6 ring of intelligence
HPRegen 0.24/turn    j - ring of resist corrosion
MPRegen 0.14/turn

%: reflection
@: lethally poisoned (-3 -> -19), very slightly contaminated, slowed, very slow
A: no striking features
a: no special abilities


You were on level 3 of the Dungeon.
You visited 1 branch of the dungeon, and saw 3 of its levels.

You collected 82 gold pieces.

Inventory:

Hand Weapons
 p - a +1 dagger of speed (weapon)
Missiles
 l - a throwing net {!f}
Armour
 a - a +0 robe (worn)
Jewellery
 i - an amulet of reflection (around neck)
 j - a ring of resist corrosion (right hand)
 o - a +6 ring of intelligence (left hand)
Wands
 q - a wand of flame (12)
Scrolls
 c - 3 scrolls of identify {unknown}
 e - 2 scrolls of enchant weapon {unknown}
 g - 2 scrolls of poison {unknown}
 h - a scroll of fear {unknown}
 k - a scroll of blinking {unknown}
 m - a scroll of magic mapping {unknown}
 s - a scroll of silence {unknown}
Potions
 b - a potion of magic
 d - a potion of brilliance {unknown}
 f - 3 potions of curing {unknown}
 n - a potion of ambrosia {unknown}
 r - a potion of resistance {unknown}


   Skills:
 - Level 2.4 Dodging
 - Level 2.4 Stealth
 + Level 6.0 Spellcasting
 + Level 6.2 Conjurations


You had 13 spell levels left.
You knew the following spells:

 Your Spells              Type           Power      Damage    Failure   Level
a - Magic Dart            Conj           100%       1d8       1%          1
b - Searing Ray           Conj           96%        2d7       1%          2

Your spell library contained the following spells:

 Spells                   Type           Power      Damage    Failure   Level
 Sandblast                Erth           18%        2d7       4%          1
 Dazzling Flash           Conj/Hex       56%        N/A       4%          3
 Stone Arrow              Conj/Erth      56%        3d10      4%          3
 Passwall                 Tmut/Erth      7%         N/A       8%          2
 Fulminant Prism          Conj/Hex       14%        3d9       14%         4
 Iskenderun's Mystic Bla  Conj/Tloc      28%        2d7       14%         4


Dungeon Overview and Level Annotations

Branches:
Dungeon (3/15) Zot: 15032

Altars:
Uskayaw

Shops:
D:3 [


Message History

Aim: a kobold brigand, wielding a +0 club and quivering curare-tipped darts (100% to hit)
The magic dart hits the kobold brigand.
The kobold brigand is lightly wounded.
The kobold brigand throws a curare-tipped dart.
The curare-tipped dart hits you.
You are poisoned.
You have difficulty breathing.
You feel yourself slow down.
You take 7 damage, and have 21/28 hp.
MASSIVE DAMAGE!!
You now have 14/15 mp.
Casting: Magic Dart (safe; 1% risk of failure)
Confirm with . or Enter, or press ? or * to list all spells.
Aiming: Magic Dart (safe; 1% risk of failure)
Press: ? - help, Shift-Dir - straight line, f/p - kobold brigand
Aim: a kobold brigand, wielding a +0 club and quivering curare-tipped darts (lightly wounded, 100% to hit)
You miscast Magic Dart.
You are very lightly contaminated with residual magic.
Nothing appears to happen.
You feel very sick.
The kobold brigand throws a curare-tipped dart.
The curare-tipped dart hits you.
You are lethally poisoned!
You have difficulty breathing.
You feel as though you will be slow longer.
You take 10 damage, and have 11/28 hp.
MASSIVE DAMAGE!!
You now have 13/15 mp.
Casting: Magic Dart (safe; 1% risk of failure)
Confirm with . or Enter, or press ? or * to list all spells.
Aiming: Magic Dart (safe; 1% risk of failure)
Press: ? - help, Shift-Dir - straight line, f/p - kobold brigand
Aim: a kobold brigand, wielding a +0 club and quivering curare-tipped darts (lightly wounded, 100% to hit)
The magic dart hits the kobold brigand.
The kobold brigand is lightly wounded.
* * * LOW HITPOINT WARNING * * *
You feel extremely sick.
Casting: Magic Dart (safe; 1% risk of failure)
Confirm with . or Enter, or press ? or * to list all spells.
Aiming: Magic Dart (safe; 1% risk of failure)
Press: ? - help, Shift-Dir - straight line, f/p - kobold brigand
Aim: a kobold brigand, wielding a +0 club and quivering curare-tipped darts (lightly wounded, 100% to hit)
The magic dart hits the kobold brigand!
The kobold brigand is heavily wounded.
You die...

#...........##.................#
............############.......#
......)........# #.......#
.....#######...# #.......#
......######...##### #.......#
......##...........#############
......##...............#
......##................
................@.......
...[.........#####K.....
.............# .....#
.#..#........# ....
.#...........# ...
.#.§§§.....### .. .##..§.....# .
.##........# .##....[####


You could see a kobold brigand.

Vanquished Creatures
  An iguana (D:3)
  2 orc wizards (D:3)
  Terence (D:2)
  5 adders (D:2)
  3 gnolls (D:2)
  2 dart slugs
  2 orcs (D:3)
  2 ball pythons (D:2)
  5 bats
  3 endoplasms
  A giant cockroach (D:2)
  4 goblins
  6 hobgoblins
  4 kobolds
  2 quokkas
  3 frilled lizards
  2 rats
48 creatures vanquished.

Notes
Turn   | Place    | Note
-------+----------+-------------------------------------------
     0 | D:1      | Psyclone the Deep Elf Conjurer began the quest for the Orb.
     0 | D:1      | Reached XP level 1. HP: 10/10 MP: 6/6
   473 | D:1      | Reached XP level 2. HP: 15/15 MP: 4/8
   576 | D:1      | Found a faded altar of an unknown god.
  1072 | D:2      | Learned a level 2 spell: Searing Ray
  1123 | D:2      | Reached skill level 5 in Conjurations
  1123 | D:2      | Reached XP level 3. HP: 19/19 MP: 6/10
  1357 | D:2      | Reached XP level 4. HP: 24/24 MP: 0/12
  1713 | D:2      | Reached skill level 5 in Spellcasting
  1869 | D:2      | Noticed Terence
  1881 | D:2      | Killed Terence
  2262 | D:3      | Noticed a +0 spear
  2262 | D:3      | Noticed a +0 short sword
  2263 | D:3      | Noticed a +0 dagger
  2263 | D:3      | Noticed a +0 falchion
  2316 | D:3      | Reached XP level 5. HP: 28/28 MP: 11/14
  2460 | D:3      | Noticed a +0 short sword
  2461 | D:3      | Noticed a +0 dagger
  2461 | D:3      | Noticed a +0 spear
  2464 | D:3      | Noticed a +0 falchion
  2603 | D:3      | Found Putz's Armour Shop.
  2857 | D:3      | Found a hide-covered altar of Uskayaw.
  2941 | D:3      | Succumbed to a kobold brigand's curare-tipped dart

Illustrated notes

Levels and vault maps discovered:
D:1:      roderic_crop_circles_arrival_small, layout_loops_corners,
          ebering_ecumenical_altar_hall, serial_bayou_lagoon_b
D:2:      layout_basic, serial_bayou_pond_e, uniq_terence
D:3:      layout_basic, nicolae_uskayaw_en_pointe, serial_shops,
          nicolae_shop_getting_attention

Skill      XL: |  1  2  3  4  5 |
---------------+----------------+-----
Spellcasting   | 4 5 6 |  6.0
Conjurations   | 5 6 |  6.2
Dodging        | |  2.4
Stealth        | |  2.4

Action                     |  1- 3 |  4- 6 || total
---------------------------+-------+-------++-------
   Cast: Magic Dart        |    38 |    50 ||    88
         Searing Ray       |     3 |     4 ||     7
 Armour: Robe              |     1 |       ||     1
  Dodge: Dodged            |     4 |     3 ||     7
  Block: Other             |     1 |     5 ||     6
         Reflection        |     1 |       ||     1
